 Dungeon Crawl Stone Soup version 0.27-a0-262-gc50aac273e (webtiles) character file.

Game seed: 5718564629093713164

8 Borgoz the Slasher (level 2, 0/25 HPs)
             Began as a Ghoul Gladiator on Feb 5, 2021.
             Slain by a jackal (1 damage)
             ... on level 1 of the Dungeon.
             The game lasted 00:00:13 (50 turns).

Borgoz the Slasher (Ghoul Gladiator)                  Turns: 50, Time: 00:00:14

Health: 0/25       AC:  4    Str: 17    XL:     2   Next: 8%
Magic:  1/1        EV: 12    Int:  3    God:
Gold:   0          SH:  0    Dex: 10    Spells: 1/1 levels left

rFire    . . .     SeeInvis .   a - +0 long sword
rCold    + . .     Faith    .   (no shield)
rNeg     + + +     Spirit   .   b - +0 leather armour
rPois    ∞         Reflect  .   c - +0 helmet
rElec    .         Harm     .   (no cloak)
rCorr    .         Rampage  .   (no gloves)
Will     .....                  (no boots)
Stlth    +.........             (no amulet)
HPRegen  0.00/turn              (no ring)
MPRegen  0.07/turn              (no ring)

@: no status effects
A: claws 1, cold resistance 1, negative energy resistance 3, inhibited
regeneration, torment resistance, unbreathing
a: no special abilities


You were on level 1 of the Dungeon.
You visited 1 branch of the dungeon, and saw 1 of its levels.

Inventory:

Hand Weapons
 a - a +0 long sword (weapon)
Missiles
 d - 2 throwing nets (quivered)
Armour
 b - a +0 leather armour (worn)
 c - a +0 helmet (worn)


   Skills:
 + Level 2.4 Fighting
 + Level 2.8 Long Blades
 - Level 1.7 Throwing
 + Level 0.5 Armour
 + Level 2.8 Dodging


You had one spell level left.
You didn't know any spells.
Your spell library was empty.

Dungeon Overview and Level Annotations

Branches:
Dungeon (1/15)

Altars:


Innate Abilities, Weirdness & Mutations

You thrive by killing the living.
You are immune to poison.
You have sharp fingernails.
Your flesh is cold resistant. (rC+)
You are immune to negative energy. (rN+++)
You do not regenerate when monsters are visible.
You are immune to unholy pain and torment.
You can survive without breathing.


Message History

* * * LOW HITPOINT WARNING * * *
The jackal barely misses you.
You barely miss the jackal.
The jackal is severely wounded.
The jackal bites you but does no damage. x2
Throw: 3 throwing nets
Press: ? - help, Q - select action Shift-Dir - straight line, f - jackal
Aim: a jackal (severely wounded, 47% to hit)
You throw a throwing net. The throwing net hits the jackal.
The jackal is caught in the net!
The jackal is severely wounded.
The jackal struggles against the net.
You hit the jackal but do no damage.
The jackal is severely wounded.
The jackal struggles against the net. x2
The net rips apart, and the jackal comes free!
You hit the jackal but do no damage.
The jackal is severely wounded.
The jackal bites you.
You die...

##.. ## #... ..#
... #..## #.#
...# #...## #.#
##..# #....# ..#
...# ##.<.#
####.# #...#
#....# .....#
##...# #...##
#.#..# ##†h#
#..##
#.##.###.@##
##..##
#.#..##..##
#...###..#.#..##
##...##..#...##
##...#.##..##
##.......##
##..##).#
##..##.# ##...(#


You could see a jackal.

Vanquished Creatures
  A giant cockroach (D:1)
  A goblin (D:1)
  2 jackals (D:1)
  A kobold (D:1)
  A frilled lizard (D:1)
  A rat (D:1)
7 creatures vanquished.

Notes
Turn   | Place    | Note
-------+----------+-------------------------------------------
     0 | D:1      | Borgoz the Ghoul Gladiator began the quest for the Orb.
     0 | D:1      | Reached XP level 1. HP: 17/17 MP: 0/0
    40 | D:1      | Reached XP level 2. HP: 7/25 MP: 1/1
    46 | D:1      | HP: 1/25 [jackal (3)]
    50 | D:1      | Slain by a jackal

Illustrated notes

Levels and vault maps discovered:
D:1:      dpeg_chamrin_arrival_tetris, layout_rooms, minmay_pentomino_x4

Action                   || total
-------------------------++-------
Melee: Long sword        ||    23
Throw: Throwing net      ||     1
Armor: Leather armour    ||    16
Dodge: Dodged            ||    25
       Rpst.: Long sword ||     7

Table legend: (Time is in decaauts)
 A = Elapsed time spent in this place.
 B = Non-inter-level travel time spent in this place.
 C = Inter-level travel time spent in this place.
 D = Time resting spent in this place.
 E = Time spent auto-exploring this place.
 F = Levels seen in this place.
 G = Mean time per level.
                   A        B        C        D        E       F      G
               +--------+--------+--------+--------+--------+-----+--------+
         Total |     56 |     56 |      0 |      0 |     21 |   1 |   56.0 |
       Dungeon |     56 |     56 |      0 |      0 |     21 |   1 |   56.0 |
               +--------+--------+--------+--------+--------+-----+--------+

Top non-repeatable levels by time:
     D:1: 56 daAuts
